 Dungeon Crawl Stone Soup version 0.22-a0-352-gc608dd7 (webtiles) character file.

39157 Amnesiac the Geomancer (level 13, -1/88 HPs)
             Began as a Mummy Earth Elementalist on Apr 15, 2018.
             Was a High Priest of Sif Muna.
             Slain by a centaur warrior zombie (3 damage)
             ... on level 15 of the Dungeon.
             The game lasted 00:33:17 (15074 turns).

Amnesiac the Geomancer (Mummy Earth Elementalist)  Turns: 15074, Time: 00:33:17

Health: -1/88      AC:  5    Str: 11    XL:     13   Next: 67%
Magic:  1/63       EV: 16    Int: 23    God:    Sif Muna [*****.]
Gold:   960        SH:  0    Dex: 14    Spells: 19/39 levels left

rFire    x . .     SeeInvis .   C - staff of power
rCold    + + .     Gourm    .   (no shield)
rNeg     + + +     Faith    .   B - +0 leather armour of the Griffon {rC+ rN+ MP+9}
rPois    ∞         Spirit   .   h - +0 helmet
rElec    .         Reflect  .   j - +0 cloak
rCorr    .         Harm     .   (no gloves)
MR       +....                  (no boots)
Stlth    ++........             A - amulet of magic regeneration
HPRegen  0.24/turn              t - ring of magical power
MPRegen  0.63/turn              z - +5 ring of intelligence

@: no casting
A: no food or potions, fire vulnerability, cold resistance 1, negative energy
resistance 3, torment resistance, unbreathing, in touch with death 1
a: Stop Divine Energy, Channel Magic, Forget Spell, Renounce Religion


You were on level 15 of the Dungeon.
You worshipped Sif Muna.
Sif Muna was extremely pleased with you.
You were not hungry.

You visited 2 branches of the dungeon, and saw 16 of its levels.
You also visited: Sewer.

You collected 960 gold pieces.

Inventory:

Hand Weapons
 n - a +0 blowgun
 x - a +0 quarterstaff of protection
Missiles
 b - 37 stones (quivered)
 m - 51 poisoned needles
 v - 506 arrows
 y - a throwing net
Armour
 h - a +0 helmet (worn)
 j - a +0 cloak (worn)
 B - the +0 leather armour of the Griffon (worn) {rC+ rN+ MP+9}
   (You took it off an orc on level 8 of the Dungeon)

   It protects you from cold.
   It protects you from negative energy.
   It affects your magic capacity (+9).
 I - a +2 shield
Magical Staves
 a - an uncursed staff of earth
 C - an uncursed staff of power (weapon)
Jewellery
 o - an uncursed ring of wizardry
 t - a ring of magical power (left hand)
 z - a +5 ring of intelligence (right hand)
 A - an amulet of magic regeneration (around neck)
Wands
 f - a wand of digging (26)
 k - a wand of enslavement (17)
 s - a wand of flame (53)
 D - a wand of scattershot (7)
 E - a wand of iceblast (4)
Scrolls
 c - 7 scrolls of identify {!r}
 d - 4 scrolls of fog {!r}
 e - 5 scrolls of remove curse {!r}
 g - 5 scrolls of enchant armour {!r}
 i - 6 scrolls of teleportation {!r}
 l - 6 scrolls of magic mapping {!r}
 p - 3 scrolls of blinking {!r}
 q - 5 scrolls of noise {!r}
 r - 2 scrolls of immolation {!r}
 u - 2 scrolls of amnesia {!r}
 w - a scroll of random uselessness {!r, unknown}
 G - 2 scrolls of silence {!r}
 H - a scroll of vulnerability {!r, unknown}
Miscellaneous
 F - a lamp of fire


   Skills:
 - Level 4.0 Fighting
 + Level 8.0 Dodging
 - Level 1.5 Stealth
 - Level 13.5 Spellcasting
 - Level 0.7 Transmutations
 - Level 13.5 Earth Magic
 - Level 8.0 Invocations


You had 19 spell levels left.
You knew the following spells:

 Your Spells              Type           Power        Failure   Level  Hunger
a - Sandblast             Erth           ######       1%          1    N/A
b - Passwall              Tmut/Erth      #####.....   1%          2    N/A
c - Stone Arrow           Conj/Erth      #####.       1%          3    N/A
d - Lee's Rapid Deconstr  Erth           ######....   1%          5    N/A
e - Petrify               Tmut/Erth      #####...     2%          4    N/A
f - Animate Skeleton      Necr           N/A          5%          1    N/A
g - Apportation           Tloc           ###...       5%          1    N/A
s - Sticks to Snakes      Tmut           ###.....     6%          2    N/A
z - Confusing Touch       Hex            ###...       5%          1    N/A

Dungeon Overview and Level Annotations

Branches:
Dungeon (15/15)            Temple (1/1) D:7            Lair (0/6) D:8
    Orc (0/2) D:9          Vaults (0/5) D:14
 Depths: D:15

Altars:
Ashenzari
Cheibriados
Dithmenos
Elyvilon
Fedhas
Gozag
Hepliaklqana
Kikubaaqudgha
Makhleb
Nemelex Xobeh
Okawaru
Qazlal
Ru
Sif Muna
Trog
Uskayaw
Vehumet
Wu Jian
Xom
Yredelemnul
Zin
The Shining One

Shops:
D:9 %

Portals:
Trove: D:10 (give horn of Geryon)


Innate Abilities, Weirdness & Mutations

You do not eat or drink.
Your flesh is vulnerable to fire.
You are immune to poison.
Your flesh is cold resistant. (rC+)
You are immune to negative energy. (rN+++)
You are immune to unholy pain and torment.
You can survive without breathing.
You are in touch with the powers of death.


Message History

The tengu warrior shoots an arrow.
The arrow hits you!!
* * * LOW HITPOINT WARNING * * *
You see here an arrow.
Casting: Lee's Rapid Deconstruction (safe; 1% risk of failure)
Confirm with . or Enter, or press ? or * to list all spells.
Aiming: Lee's Rapid Deconstruction (safe; 1% risk of failure)
Press: ? - help, Dir - move target cursor
Okay, then.
The tengu conjurer casts a spell.
The tengu conjurer blinks!
Casting: Lee's Rapid Deconstruction (safe; 1% risk of failure)
Confirm with . or Enter, or press ? or * to list all spells.
Aiming: Lee's Rapid Deconstruction (safe; 1% risk of failure)
Press: ? - help, Dir - move target cursor The wall shatters!
The blast of rock fragments hits the tengu warrior.
The tengu warrior is heavily wounded.
You hear a horrible gurgling sound!
The centaur warrior zombie hits you but does no damage.
The tengu conjurer casts a spell.
Unknown command.
Casting: Lee's Rapid Deconstruction (safe; 1% risk of failure)
Confirm with . or Enter, or press ? or * to list all spells.
Aiming: Lee's Rapid Deconstruction (safe; 1% risk of failure)
Press: ? - help, Dir - move target cursor The wall shatters!
The blast of rock fragments hits the tengu warrior.
The tengu warrior is almost dead.
The blast of rock fragments hits the tengu conjurer.
The tengu conjurer is heavily wounded.
You hear a horrible gurgling sound!
The centaur warrior zombie barely misses you.
A battlesphere comes into view.
Unknown command.
Casting: Lee's Rapid Deconstruction (safe; 1% risk of failure)
Confirm with . or Enter, or press ? or * to list all spells.
Aiming: Lee's Rapid Deconstruction (safe; 1% risk of failure)
Press: ? - help, Dir - move target cursor The wall shatters!
The blast of rock fragments hits the tengu conjurer.
You kill the tengu conjurer!
Sif Muna accepts your kill.
The blast of rock fragments hits the tengu warrior.
The tengu warrior is almost dead.
You hear a horrible gurgling sound!
The battlesphere dissipates.
The centaur warrior zombie hits you.
* * * LOW HITPOINT WARNING * * *
Unknown command.
Casting: Lee's Rapid Deconstruction (safe; 1% risk of failure)
Confirm with . or Enter, or press ? or * to list all spells.
Aiming: Lee's Rapid Deconstruction (safe; 1% risk of failure)
Press: ? - help, Dir - move target cursor The wall shatters!
The blast of rock fragments hits the centaur warrior zombie.
The centaur warrior zombie is almost destroyed.
The blast of rock fragments hits the tengu warrior.
You kill the tengu warrior!
Sif Muna accepts your kill.
Your Dodging skill increases to level 8!
Sif Muna grants you divine energy.
You briefly lose access to your magic!
You hear a horrible gurgling sound!
The centaur warrior zombie hits you.
You die... #<...#.#..##...# #......#(......# #.§((.Z.))##...# #(.######..# # #[# ..# #(# #... #)# .cc. #Z# ..).# ####@# cc...

#######....#
..........##
#########....#
#.........#..#
####.....<...#..#
##..#####.....#..#
#...........###..#
............# #..#


You could see a centaur warrior zombie.

Vanquished Creatures
  Snorg (D:14)
  A rakshasa (D:15)
  An ice dragon (D:14)
  The ghost of Nib the Covert, a journeyman OpAs of Okawaru (D:10)
  4 centaur warriors
  8 two-headed ogres
  3 tengu warriors (D:15)
  3 skeletal warriors (D:14)
  A wizard (D:14)
  2 unseen horrors (D:14)
  A lindwurm (shapeshifter) (D:15)
  2 ugly things
  A wolf spider zombie (D:15)
  3 cyclopes
  3 manticores
  Psyche (D:10)
  A torpor snail (shapeshifter) (D:15)
  A gargoyle (D:12)
  A tengu conjurer (D:15)
  A harpy zombie (D:15)
  A queen bee (shapeshifter) (D:15)
  2 trolls
  3 hornets
  5 slime creatures (D:14)
  A blink frog (shapeshifter) (D:14)
  A hippogriff (D:14)
  A meliai zombie (D:15)
  A spriggan (shapeshifter) (D:15)
  A shadow (D:14)
  11 yaks
  A water elemental (D:15)
  2 vampires
  2 wraiths
  4 wyverns
  3 hungry ghosts
  A steam dragon (D:11)
  Menkaure (D:7)
  3 porcupines (D:8)
  A soldier ant (D:14)
  An acid dragon (D:11)
  8 orc warriors
  3 black bears (D:8)
  A water moccasin (D:8)
  7 ice beasts
  5 sky beasts
  2 eyes of draining
  5 phantoms
  4 ogres
  4 boggarts (D:15)
  9 centaurs
  The ghost of Nib the Sneak, an amateur OpAs of Okawaru (D:4)
  2 big kobolds
  5 crocodiles
  10 bullfrogs
  2 wyvern zombies
  A water moccasin zombie (D:12)
  4 scorpions
  A water moccasin skeleton (D:6)
  3 wyvern skeletons
  14 killer bees
  8 howler monkeys
  14 wights
  An electric eel (D:15)
  4 crimson imps
  2 centaur zombies
  7 jellies
  A wyvern simulacrum (D:14)
  6 hounds
  6 centaur skeletons
  10 orc priests
  2 bullfrog zombies
  A gnoll shaman (D:7)
  8 orc wizards
  A bullfrog skeleton (D:6)
  11 worker ants
  5 iguanas
  A killer bee zombie (D:8)
  A hound zombie (D:8)
  A hound skeleton (D:5)
  3 worker ant zombies
  12 adders
  12 gnolls
  A howler monkey skeleton (D:9)
  4 shadow imps
  An ooze (D:3)
  3 adder skeletons
  3 worms (D:2)
  2 dart slugs
  5 leopard geckos
  22 orcs
  7 giant cockroaches
  6 goblins
  7 hobgoblins
  3 jackals (D:1)
  11 kobolds
  10 quokkas
  7 ball pythons
  8 bats
  16 frilled lizards
  A jackal skeleton (D:7)
  2 quokka zombies
  15 rats
  A plant (D:2)
429 creatures vanquished.

Vanquished Creatures (others)
  An unseen horror (D:15)
  57 fungi (D:8)
  27 plants
85 creatures vanquished.

Grand Total: 514 creatures vanquished

Notes
Turn   | Place    | Note
-------+----------+-------------------------------------------
     0 | D:1      | Amnesiac the Mummy Earth Elementalist began the quest for the Orb.
     0 | D:1      | Reached XP level 1. HP: 13/13 MP: 4/4
   228 | D:2      | Reached XP level 2. HP: 19/19 MP: 1/5
   879 | D:2      | Reached XP level 3. HP: 24/24 MP: 2/7
  1019 | D:2      | Found a burning altar of Makhleb.
  1129 | D:2      | Reached XP level 4. HP: 30/30 MP: 3/9
  1150 | D:2      | Learned a level 2 spell: Passwall
  1154 | D:2      | Learned a level 3 spell: Stone Arrow
  1159 | D:2      | Learned a level 4 spell: Petrify
  2014 | D:3      | Reached XP level 5. HP: 27/35 MP: 11/11
  2216 | D:3      | Found a glowing drain.
  2233 | Sewer    | Entered a sewer
  3150 | D:4      | Reached XP level 6. HP: 36/41 MP: 1/13
  3226 | D:4      | Noticed Nib's ghost (amateur OpAs)
  3231 | D:4      | Killed Nib's ghost
  3231 | D:4      | Reached skill level 5 in Spellcasting
  3231 | D:4      | Reached skill level 5 in Earth Magic
  3238 | D:4      | Learned a level 5 spell: Lee's Rapid Deconstruction
  3731 | D:5      | Entered Level 5 of the Dungeon
  3779 | D:5      | Reached XP level 7. HP: 29/46 MP: 15/15
  4325 | D:5      | Reached XP level 8. HP: 41/52 MP: 18/18
  4552 | D:6      | Got a thick robe
  4819 | D:6      | Reached XP level 9. HP: 51/57 MP: 21/21
  5112 | D:7      | Identified the +1 robe of the Republic {rElec Str+4 Int-2 Dex+3} (You found it on level 6 of the Dungeon)
  5363 | D:7      | Found a staircase to the Ecumenical Temple.
  5372 | D:7      | Noticed Menkaure
  5374 | Temple   | Entered the Ecumenical Temple
  5486 | Temple   | Became a worshipper of Sif Muna the Loreminder
  5521 | D:7      | Killed Menkaure
  5779 | D:7      | Found a shimmering altar of Xom.
  5782 | D:7      | Noticed a two-headed ogre
  5853 | D:7      | Killed a two-headed ogre
  5854 | D:7      | HP: 1/57 [bullfrog (5)]
  6151 | D:7      | Found an ancient bone altar of Kikubaaqudgha.
  6511 | D:8      | Reached * piety under Sif Muna
  6650 | D:8      | Reached skill level 10 in Spellcasting
  6650 | D:8      | Reached skill level 10 in Earth Magic
  6661 | D:8      | Found a hazy altar of Hepliaklqana.
  6766 | D:8      | Reached XP level 10. HP: 63/63 MP: 20/24
  6834 | D:8      | Reached ** piety under Sif Muna
  6882 | D:8      | Got a dazzling leather armour
  6892 | D:8      | Found a staircase to the Lair.
  7249 | D:8      | Noticed a cyan ugly thing
  7259 | D:8      | Killed a cyan ugly thing
  7644 | D:9      | Reached *** piety under Sif Muna
  7755 | D:9      | Found Waxer's Food Shop.
  7755 | D:9      | Noticed a two-headed ogre
  7759 | D:9      | Noticed a centaur warrior
  7953 | D:9      | Killed a two-headed ogre
  7953 | D:9      | Reached XP level 11. HP: 60/68 MP: 23/26
  8007 | D:9      | Killed a centaur warrior
  8171 | D:9      | Found a staircase to the Orcish Mines.
  8440 | D:9      | Noticed a two-headed ogre
  8442 | D:9      | Killed a two-headed ogre
  8601 | D:9      | Reached **** piety under Sif Muna
  8684 | D:10     | Entered Level 10 of the Dungeon
  8699 | D:10     | Noticed Nib's ghost (journeyman OpAs)
  8708 | D:10     | Killed Nib's ghost
  8783 | D:10     | Found a portal to a secret trove of treasure.
  8914 | D:10     | Noticed a two-headed ogre
  8915 | D:10     | Noticed a two-headed ogre
  8920 | D:10     | Killed a two-headed ogre
  8928 | D:10     | Killed a two-headed ogre
  8944 | D:10     | Noticed Psyche
  9184 | D:10     | Killed Psyche
  9233 | D:10     | Noticed a two-headed ogre
  9240 | D:10     | Killed a two-headed ogre
  9285 | D:10     | Identified the cursed +0 leather armour of the Griffon {rC+ rN+ MP+9} (You took it off an orc on level 8 of the Dungeon)
  9834 | D:11     | Reached XP level 12. HP: 38/74 MP: 5/29
  9938 | D:11     | Reached ***** piety under Sif Muna
  9938 | D:11     | Received a gift from Sif Muna
 10026 | D:11     | Reached skill level 1 in Invocations
 10440 | D:11     | Learned a level 1 spell: Animate Skeleton
 10442 | D:11     | Learned a level 1 spell: Apportation
 10444 | D:11     | Learned a level 1 spell: Confusing Touch
 11290 | D:13     | Reached skill level 5 in Invocations
 11392 | D:13     | Noticed a centaur warrior
 11401 | D:13     | Killed a centaur warrior
 11546 | D:13     | Got a transparent long sword
 11547 | D:13     | Identified the +1 long sword of the Coward {slice, rC+} (You found it on level 13 of the Dungeon)
 12226 | D:14     | Noticed a two-headed ogre
 12232 | D:13     | Learned a level 2 spell: Sticks to Snakes
 13668 | D:14     | Noticed a centaur warrior
 13674 | D:14     | Killed a centaur warrior
 13674 | D:14     | Reached skill level 1 in Fighting
 13716 | D:14     | Noticed a two-headed ogre
 13725 | D:14     | Killed a two-headed ogre
 13778 | D:14     | Noticed an ice dragon
 13810 | D:14     | Killed an ice dragon
 13810 | D:14     | Gained mutation: You are in touch with the powers of death. [Mummy growth]
 13810 | D:14     | Reached XP level 13. HP: 35/86 MP: 0/30
 14191 | D:14     | Reached skill level 5 in Dodging
 14282 | D:14     | Noticed Snorg
 14302 | D:14     | Killed Snorg
 14596 | D:14     | Found a gate to the Vaults.
 14638 | D:15     | Entered Level 15 of the Dungeon
 15073 | D:15     | HP: 2/88 [centaur warrior zombie (6)]
 15074 | D:15     | Slain by a centaur warrior zombie

Vault maps used:
D:1:      zelgadis_glass_arrival_small
D:2:      wad_woods_stonehenge
D:3:      first_ration, gup_sewer_entry_pipe, st_stairs_14
D:4:      kennysheep_spiral_hall
D:5:      hex_intersection
D:6:      st_stairs_1
D:7:      temple_fountains, hangedman_feature_mirror, uniq_menkaure
D:8:      nicolae_overflow_hidden_temple, due_lair_maze_entry_diamond
D:9:      orc_0_dummy, grunt_pizzeria, kennysheep_windowed_goal
D:10:     nicolae_trove_entry_crossroad, uniq_psyche
D:11:     minmay_item_behind_shaft, st_stairs_9
D:12:     minmay_diamond_spiral
D:13:     serial_glass, glass_columns_a, glass_columns_c
D:14:     david_vaults_4, uniq_snorg
D:15:     gammafunk_enter_depths_forms, moated_statue, grunt_decor_one_mirror
Temple:   kilobyte_greek_temple
Sewer:    sewer_co_cracked_pipes

Skill      XL: |  1  2  3  4  5  6  7  8  9 10 11 12 13 |
---------------+----------------------------------------+-----
Earth Magic    | 3 4 5 6 8 10 11 13 | 13.5
Spellcasting   | 3 4 5 6 8 10 11 13 | 13.5
Invocations    | 8 |  8.0
Fighting       | 3 4 |  4.0
Dodging        | 4 8 |  8.0
Stealth        | |  1.5
Transmutations | |  0.7

Action                   |  1- 3 |  4- 6 |  7- 9 | 10-12 | 13-15 || total
-------------------------+-------+-------+-------+-------+-------++-------
Melee: Unarmed           |    10 |       |       |       |       ||    10
       Dagger            |     3 |    24 |       |       |       ||    27
       Quarterstaff      |       |   194 |    28 |     6 |       ||   228
       Staff             |       |       |       |     3 |     1 ||     4
 Cast: Sandblast         |    55 |    92 |   126 |   114 |     4 ||   391
       Lee's Rapid Decon |       |       |    15 |   187 |    95 ||   297
       Petrify           |       |       |     4 |    18 |    11 ||    33
       Passwall          |       |       |     2 |     1 |       ||     3
Invok: Divine Energy     |       |       |     1 |       |       ||     1
  Use: Scroll            |       |       |    11 |     4 |       ||    15
 Stab: Sleeping          |       |     5 |       |       |       ||     5
Armor: Leather armour    |    11 |    92 |    38 |    16 |     8 ||   165
Dodge: Dodged            |    24 |   131 |    54 |    45 |    18 ||   272

Table legend:
 A = Spawn XP
 B = Non-spawn XP
 C = Spawn XP percentage of total XP
 D = Spawn monster count
 E = Non-spawn monster count
 F = Spawn count percentage of total count
 G = Total turns spent on level
                    A         B        C        D         E        F      G
               +---------+---------+-------+---------+---------+-------+---------
         Total |       0 |   55939 |   0.0 |       0 |     428 |   0.0 | 15074
               +---------+---------+-------+---------+---------+-------+---------
           D:1 |       0 |      19 |   0.0 |       0 |      14 |   0.0 |   805
           D:2 |       0 |     146 |   0.0 |       0 |      39 |   0.0 |  1171
           D:3 |       0 |     111 |   0.0 |       0 |      30 |   0.0 |   973
           D:4 |       0 |     373 |   0.0 |       0 |      15 |   0.0 |   680
           D:5 |       0 |    1119 |   0.0 |       0 |      20 |   0.0 |   894
           D:6 |       0 |    1124 |   0.0 |       0 |      22 |   0.0 |   694
           D:7 |       0 |    1719 |   0.0 |       0 |      17 |   0.0 |  1495
           D:8 |       0 |    4442 |   0.0 |       0 |      58 |   0.0 |  1117
           D:9 |       0 |    5095 |   0.0 |       0 |      26 |   0.0 |  1459
          D:10 |       0 |    5913 |   0.0 |       0 |      28 |   0.0 |   619
          D:11 |       0 |    2778 |   0.0 |       0 |      29 |   0.0 |  1120
          D:12 |       0 |    3655 |   0.0 |       0 |      27 |   0.0 |   894
          D:13 |       0 |    5461 |   0.0 |       0 |      23 |   0.0 |  1056
          D:14 |       0 |   13896 |   0.0 |       0 |      36 |   0.0 |  1099
          D:15 |       0 |   10061 |   0.0 |       0 |      29 |   0.0 |   436
         Sewer |       0 |      27 |   0.0 |       0 |      15 |   0.0 |   417
               +---------+---------+-------+---------+---------+-------+---------
